 Dungeon Crawl Stone Soup version 0.22.0-6-g71bd7aa (webtiles) character file.

3462 mopl the Geomancer (level 9, -5/45 HPs)
             Began as a Deep Elf Earth Elementalist on Aug 14, 2018.
             Was an Initiate of Vehumet.
             Hit by a stone thrown by an orc warrior (13 damage)
             ... on level 7 of the Dungeon.
             The game lasted 00:10:13 (4888 turns).

mopl the Geomancer (Deep Elf Earth Elementalist)    Turns: 4888, Time: 00:10:14

Health: -5/45      AC:  6    Str:  5    XL:     9   Next: 78%
Magic:  19/33      EV: 13    Int: 24    God:    Vehumet [......]
Gold:   398        SH:  0    Dex: 15    Spells: 16/27 levels left

rFire    + . .     SeeInvis .   f - +4 quarterstaff (chaos)
rCold    . . .     Gourm    .   (shield currently unavailable)
rNeg     . . .     Faith    .   e - +2 robe {rF+}
rPois    .         Spirit   .   C - +0 helmet
rElec    .         Reflect  .   v - +0 cloak (curse)
rCorr    .         Harm     .   (no gloves)
MR       .....                  (no boots)
Stlth    ++........             (no amulet)
HPRegen  0.15/turn              F - ring of magical power
MPRegen  0.23/turn              G - ring of flight

@: no status effects
A: no striking features
a: Renounce Religion, Evoke Flight


You were on level 7 of the Dungeon.
You worshipped Vehumet.
Vehumet was noncommittal.
You were not hungry.

You visited 2 branches of the dungeon, and saw 8 of its levels.

You collected 398 gold pieces.

Inventory:

Hand Weapons
 f - a +4 quarterstaff of chaos (weapon)
 h - a +0 dagger
Missiles
 b - 12 stones (quivered)
 m - 55 poisoned needles
Armour
 e - a +2 robe of fire resistance (worn)
 v - a cursed +0 cloak (worn)
 C - a +0 helmet (worn)
Jewellery
 F - a ring of magical power (left hand)
 G - a ring of flight (right hand)
Wands
 s - a wand of iceblast (20)
 A - a wand of digging (19)
Scrolls
 a - 2 scrolls of blinking {unknown}
 c - 2 scrolls of amnesia {unknown}
 g - a scroll of fog {unknown}
 i - a scroll of enchant armour {unknown}
 n - a scroll of enchant weapon {unknown}
 t - a scroll of fear {unknown}
 u - a scroll of random uselessness {unknown}
 w - 2 scrolls of identify
 x - 3 scrolls of teleportation {unknown}
 y - 3 scrolls of immolation {unknown}
 z - a scroll of magic mapping {unknown}
 B - a scroll of silence {unknown}
 D - a scroll of holy word {unknown}
Potions
 j - 3 potions of haste
 k - 3 potions of curing {unknown}
 l - a potion of lignification {!q}
 o - a potion of heal wounds {unknown}
 p - a potion of might
 q - a potion of mutation {!q}
 r - 3 potions of magic
 E - a potion of berserk rage {unknown}
Comestibles
 d - 17 rations
 H - a chunk of flesh


   Skills:
 - Level 2.4 Dodging
 - Level 2.4 Stealth
 + Level 9.5 Spellcasting
 + Level 7.2 Conjurations
 - Level 3.0 Transmutations
 * Level 11.1 Earth Magic


You had 16 spell levels left.
You knew the following spells:

 Your Spells              Type           Power        Failure   Level  Hunger
a - Sandblast             Erth           ######       1%          1    None
b - Stone Arrow           Conj/Erth      ######       1%          3    None
k - Lee's Rapid Deconstr  Erth           ######....   1%          5    ####...
p - Passwall              Tmut/Erth      #####...     1%          2    None

Your spell library contained the following spells:

 Spells                   Type           Power        Failure   Level  Hunger
 Regeneration             Chrm/Necr      ##........   17%         3    None
 Spider Form              Tmut/Pois      ###.......   9%          3    None
 Blade Hands              Tmut           ####......   41%         5    ####...
 Ice Form                 Ice/Tmut       ###.....     30%         4    ##.....
 Sticks to Snakes         Tmut           ####....     2%          2    None
 Petrify                  Tmut/Erth      #####...     3%          4    ##.....
 Shroud of Golubria       Chrm/Tloc      ##........   9%          2    None
 Beastly Appendage        Tmut           ####..       1%          1    None
 Infusion                 Chrm           ##..         5%          1    None
 Song of Slaying          Chrm           ##......     9%          2    None
 Spectral Weapon          Hex/Chrm       ##......     17%         3    None


Dungeon Overview and Level Annotations

Branches:
Dungeon (7/15)             Temple (1/1) D:7

Altars:
Ashenzari
Cheibriados
Dithmenos
Elyvilon
Fedhas
Gozag
Kikubaaqudgha
Nemelex Xobeh
Okawaru
Qazlal
Ru
Sif Muna
Trog
Uskayaw
Vehumet
Wu Jian
Xom
Yredelemnul
Zin
The Shining One


Message History

Aiming: Lee's Rapid Deconstruction (safe; 1% risk of failure)
Press: ? - help, Dir - move target cursor A rock wall.
The wall shatters!
The blast of rock fragments hits the orc.
You kill the orc!
Vehumet accepts your kill.
The blast of rock fragments hits the orc warrior.
The orc warrior hits you from afar with a halberd!
Unknown command.
Unknown command.
Unknown command.
The orc hits you with a flail.
The orc warrior throws a stone.
The stone hits you!
You see here a stone.
The orc warrior throws a stone.
The stone hits you!
* * * LOW HITPOINT WARNING * * *
You see here a stone.
The orc warrior throws a stone.
The stone hits you!
You die...

##...........#
##............###
#........o......#
#............(## ..##
#.............# ....#
#.............# #....#
##..o(........# ##....##
#...(........# # #......##
##.@.........# .###.......#
##...........#
..#........###............#
#...............#.........#
#..........##..##.......
#.......#####..####....
##.####### ##.# ###. #..#
#.# #.## ..#


You could see an orc warrior and an orc.

Vanquished Creatures
  A two-headed ogre (D:6)
  Pikel (D:7)
  A hippogriff (D:6)
  A hungry ghost (D:7)
  A sky beast (D:5)
  2 ice beasts
  A slave (D:7)
  A necrophage (D:6)
  3 ogres
  7 bullfrogs
  2 scorpions
  2 crimson imps
  5 hounds
  4 orc wizards
  Crazy Yiuf (D:4)
  A gnoll shaman (D:4)
  An orc priest (D:5)
  A bullfrog skeleton (D:4)
  Natasha (thrice) (D:3)
  An iguana (D:6)
  3 worker ants
  3 hound skeletons
  A worker ant zombie (D:5)
  6 adders
  4 gnolls
  2 shadow imps
  3 oozes
  An adder skeleton (D:5)
  3 adder zombies
  6 worms
  2 dart slugs
  A leopard gecko (D:5)
  16 orcs
  A ball python (D:1)
  3 giant cockroaches
  5 goblins
  7 hobgoblins
  16 jackals
  2 quokkas
  9 bats
  3 frilled lizards
  2 kobolds
  6 rats
  A fungus (D:4)
146 creatures vanquished.

Notes
Turn   | Place    | Note
-------+----------+-------------------------------------------
     0 | D:1      | mopl the Deep Elf Earth Elementalist began the quest for the Orb.
     0 | D:1      | Reached XP level 1. HP: 10/10 MP: 6/6
   185 | D:1      | Reached XP level 2. HP: 15/15 MP: 6/8
   193 | D:1      | Learned a level 2 spell: Passwall
   355 | D:1      | Reached skill level 4 in Earth Magic
   708 | D:2      | Reached XP level 3. HP: 16/19 MP: 6/10
   714 | D:2      | Learned a level 3 spell: Stone Arrow
  1364 | D:2      | Noticed an ogre
  1368 | D:2      | Killed an ogre
  1368 | D:2      | Reached skill level 4 in Spellcasting
  1368 | D:2      | Reached skill level 1 in Conjurations
  1368 | D:2      | Reached skill level 2 in Transmutations
  1368 | D:2      | Reached skill level 5 in Earth Magic
  1368 | D:2      | Reached XP level 4. HP: 24/24 MP: 7/12
  1368 | D:2      | Reached XP level 5. HP: 28/28 MP: 7/13
  1379 | D:2      | Learned a level 5 spell: Lee's Rapid Deconstruction
  1421 | D:3      | Noticed Natasha
  1424 | D:3      | Killed Natasha
  1680 | D:3      | Reached skill level 2 in Conjurations
  1723 | D:3      | Found a deep blue altar of Sif Muna.
  1723 | D:3      | Found a shimmering altar of Xom.
  1907 | D:3      | Noticed Natasha
  1910 | D:3      | Found an opulent altar of Gozag.
  1911 | D:3      | Killed Natasha
  1912 | D:3      | Found a hide-covered altar of Uskayaw.
  1919 | D:3      | Found a shadowy altar of Dithmenos.
  1923 | D:3      | Found an ancient bone altar of Kikubaaqudgha.
  1926 | D:3      | Found a glowing silver altar of Zin.
  1929 | D:3      | Found an iron altar of Okawaru.
  1933 | D:3      | Found a sparkling altar of Nemelex Xobeh.
  2034 | D:3      | Noticed Natasha
  2038 | D:3      | Killed Natasha
  2038 | D:3      | Reached XP level 6. HP: 32/32 MP: 12/15
  2173 | D:4      | Found a runed door.
  2177 | D:4      | Noticed Crazy Yiuf
  2180 | D:4      | Killed Crazy Yiuf
  2238 | D:4      | Reached skill level 5 in Spellcasting
  2285 | D:4      | Reached skill level 6 in Earth Magic
  2472 | D:4      | Reached skill level 3 in Conjurations
  2679 | D:4      | Reached XP level 7. HP: 36/36 MP: 12/17
  2696 | D:4      | Reached skill level 3 in Transmutations
  2963 | D:5      | Entered Level 5 of the Dungeon
  2991 | D:5      | Reached skill level 6 in Spellcasting
  2991 | D:5      | Reached skill level 7 in Earth Magic
  3135 | D:5      | Reached skill level 4 in Conjurations
  3452 | D:5      | Reached XP level 8. HP: 41/41 MP: 17/19
  3576 | D:5      | Found an iron altar of Okawaru.
  3819 | D:6      | Reached skill level 8 in Earth Magic
  3823 | D:6      | Reached skill level 7 in Spellcasting
  3995 | D:6      | Noticed a hippogriff
  3997 | D:6      | Reached skill level 5 in Conjurations
  4004 | D:6      | Killed a hippogriff
  4007 | D:6      | Reached skill level 9 in Earth Magic
  4110 | D:6      | Noticed a two-headed ogre
  4114 | D:6      | Killed a two-headed ogre
  4114 | D:6      | Reached skill level 8 in Spellcasting
  4114 | D:6      | Reached skill level 6 in Conjurations
  4114 | D:6      | Reached skill level 10 in Earth Magic
  4114 | D:6      | Reached XP level 9. HP: 45/45 MP: 10/23
  4223 | D:6      | Found a shadowy altar of Dithmenos.
  4612 | D:7      | Found a staircase to the Ecumenical Temple.
  4617 | D:7      | Reached skill level 9 in Spellcasting
  4624 | Temple   | Entered the Ecumenical Temple
  4660 | Temple   | Became a worshipper of Vehumet
  4723 | D:7      | Noticed Pikel
  4725 | D:7      | Killed Pikel
  4725 | D:7      | Reached skill level 7 in Conjurations
  4761 | D:7      | Reached skill level 11 in Earth Magic
  4777 | D:7      | Found a sacrificial altar of Ru.
  4779 | D:7      | Found a bloodstained altar of Trog.
  4888 | D:7      | Hit by a stone thrown by an orc warrior

Skill      XL: |  1  2  3  4  5  6  7  8  9 |
---------------+----------------------------+-----
Earth Magic    | 4 5 6 7 10 11 | 11.1
Spellcasting   | 4 5 6 8 9 |  9.5
Conjurations   | 1 2 3 4 6 7 |  7.2
Transmutations | 2 3 |  3.0
Dodging        | |  2.4
Stealth        | |  2.4

Action                   |  1- 3 |  4- 6 |  7- 9 || total
-------------------------+-------+-------+-------++-------
Melee: Dagger            |    53 |    37 |       ||    90
       Quarterstaff      |       |    10 |    48 ||    58
 Cast: Sandblast         |    50 |    54 |    78 ||   182
       Stone Arrow       |       |       |    12 ||    12
       Lee's Rapid Decon |       |       |     5 ||     5
  Use: Scroll            |       |       |     5 ||     5
 Stab: Sleeping          |       |     1 |     2 ||     3
       Paralysed         |       |       |     6 ||     6
  Eat: Chunk             |     1 |     4 |     8 ||    13
Armor: Robe              |    21 |     5 |    21 ||    47
Dodge: Dodged            |    52 |    15 |    54 ||   121
